 Dungeon Crawl Stone Soup version 0.26-a0-663-g36e8fdb655 (webtiles) character file.

Game seed: 2855195291460699597

61 flotson the Covert (level 3, 0/23 HPs)
             Began as a Vampire Delver on Oct 10, 2020.
             Slain by an ufetubus (4 damage)
             ... on level 5 of the Dungeon.
             The game lasted 00:01:37 (1418 turns).

flotson the Covert (Vampire Delver)                 Turns: 1418, Time: 00:01:37

Health: 0/23       AC:  6    Str: 12    XL:     3   Next: 83%
Magic:  3/3        EV:  2    Int: 12    God:
Gold:   97         SH:  0    Dex: 15    Spells: 2/2 levels left

rFire    . . .     SeeInvis +     - Unarmed
rCold    + + .     Faith    .   (no shield)
rNeg     + + +     Spirit   .   i - +0 ring mail
rPois    ∞         Reflect  .   (no helmet)
rElec    .         Harm     .   (no cloak)
rCorr    .         Rampage  .   (no gloves)
MR       .....                  k - +0 pair of boots
Stlth    +++++.....             (no amulet)
HPRegen  0.00/turn              h - -4 ring of evasion (curse)
MPRegen  0.08/turn              (no ring)

@: held, bloodless
A: fangs 3, see invisible, unbreathing
a: Bat Form, Revivify


You were on level 5 of the Dungeon.
You visited 2 branches of the dungeon, and saw 3 of its levels.

You collected 97 gold pieces.

Inventory:

Armour
 i - a +0 ring mail (worn)
 k - a +0 pair of boots (worn)
Jewellery
 h - a cursed -4 ring of evasion (left hand)
Wands
 f - a wand of digging (3)
Scrolls
 b - a scroll of fog
 c - a scroll of magic mapping
 d - a scroll of fear
 j - 3 scrolls of identify {unknown}
Potions
 a - a potion of heal wounds {unknown}
 e - a potion of haste
 g - a potion of lignification {unknown}


   Skills:
 + Level 3.2 Fighting
 + Level 0.3 Armour
 + Level 2.3 Dodging
 + Level 8.4 Stealth
 + Level 2.6 Unarmed Combat


You had 2 spell levels left.
You didn't know any spells.
Your spell library was empty.

Dungeon Overview and Level Annotations

Branches:
Dungeon (5/15)             Temple (1/1) D:5

Altars:
Ashenzari
Cheibriados
Elyvilon
Hepliaklqana
Makhleb
Nemelex Xobeh
Okawaru
Qazlal
Ru
Sif Muna
Trog
Yredelemnul
Zin

Annotations:
D:4 Sigmund


Innate Abilities, Weirdness & Mutations

You do not regenerate when monsters are visible.
You are frail without blood (-20% HP).
You can heal yourself when you bite living creatures.
You are immune to poison.
You have razor-sharp teeth.
You have supernaturally acute eyesight. (SInv)
You can survive without breathing.


Message History

You are too injured to fight recklessly!
You are too injured to fight recklessly!
The hound bites you.
* * * LOW HITPOINT WARNING * * *
The ufetubus closely misses you. The ufetubus barely misses you.
The hound bites you but does no damage. The ufetubus barely misses you. x2
A gnoll comes into view. It is wielding a +0 spear.
The hound bites you but does no damage.
There is an open door here.
The gnoll shouts!
You hear a shout!
The ufetubus hits you but does no damage.
The ufetubus barely misses you.
The ufetubus hits you but does no damage.
The ufetubus misses you. The gnoll barely misses you.
The gnoll hits you but does no damage.
The gnoll throws a throwing net.
The throwing net hits you.
You become entangled in the net!
The ufetubus hits you.
You die...

## ##+## ..
.####$..## g#
..##.....## ###g#
#.........## ##.#.#
#..........####....#
#.#........'..h.g..#
##.........####5...#
#...#.....######@#.##
...#.....##
#..)....## >.#####..#
#.##.....# ...#....##
#.##.....# #...#..#
#.##.....# ##.....#
#.##....##
#.#..#.######.##.#.##
#...#..............#
#..#.....#####.#.###


You could see a hound, 3 gnolls and an ufetubus.

Vanquished Creatures
  A hound (D:5)
  A hound zombie (D:5)
  A gnoll (D:5)
  An adder skeleton (D:5)
4 creatures vanquished.

Notes
Turn   | Place    | Note
-------+----------+-------------------------------------------
     0 | D:5      | flotson the Vampire Delver began the quest for the Orb.
     0 | D:5      | Reached XP level 1. HP: 17/17 MP: 1/1
    86 | D:5      | Found a broken altar of Ashenzari.
    90 | D:5      | Saw a vision of the Shoals and the Snake Pit.
    90 | D:5      | Noticed a merfolk siren
    90 | D:5      | Noticed a merfolk siren
    90 | D:5      | Noticed a merfolk
    90 | D:5      | Noticed a merfolk
    90 | D:5      | Noticed a merfolk
    90 | D:5      | Noticed a black mamba
    90 | D:5      | Noticed a guardian serpent
    90 | D:5      | Noticed a salamander mystic
    90 | D:5      | Noticed a mana viper
    90 | D:5      | Noticed a black mamba
    90 | D:5      | Noticed a black mamba
    90 | D:5      | Noticed a shock serpent
    90 | D:5      | Noticed a naga
    91 | D:5      | Noticed a mana viper
    91 | D:5      | Noticed a shock serpent
    91 | D:5      | Noticed a naga sharpshooter
    91 | D:5      | Noticed a naga
   213 | D:5      | Found a burning altar of Makhleb.
   244 | D:5      | Noticed a hound
   260 | D:5      | Killed a hound
   260 | D:5      | Reached skill level 8 in Stealth
   260 | D:5      | Reached XP level 2. HP: 4/19 MP: 2/2
   260 | D:5      | Reached XP level 3. HP: 5/23 MP: 3/3
   949 | D:5      | Found a staircase to the Ecumenical Temple.
   959 | Temple   | Entered the Ecumenical Temple
  1181 | D:4      | Noticed Sigmund
  1181 | D:4      | Noticed a scorpion
  1418 | D:5      | Slain by an ufetubus

Illustrated notes

Levels and vault maps discovered:
D:4:      layout_basic, lemuel_zombie_altar_kikubaaqudgha, fedhas_altar_4,
          uniq_sigmund, uniq_duvessa
D:5:      layout_loops_corners, nicolae_overflow_crystal_walls,
          minmay_temple_entry_arrows, grunt_ashenzari_visionary
          [grunt_ashenzari_visionary_shoals, grunt_ashenzari_visionary_snake]
Temple:   chequers_temple_sunken

Skill      XL: |  1 |
---------------+----+-----
Fighting       | 3 |  3.2
Stealth        | 8 |  8.4
Armour         | |  0.3
Dodging        | |  2.3
Unarmed Combat | |  2.6

Action                   || total
-------------------------++-------
Melee: Unarmed           ||    39
       Bite              ||     8
       Punch             ||     1
 Abil: Exsanguinate      ||     1
 Stab: Sleeping          ||     2
Armor: Leather armour    ||     3
       Ring mail         ||    14
Dodge: Dodged            ||    38

Table legend: (Time is in decaauts)
 A = Elapsed time spent in this place.
 B = Non-inter-level travel time spent in this place.
 C = Inter-level travel time spent in this place.
 D = Time resting spent in this place.
 E = Time spent auto-exploring this place.
 F = Levels seen in this place.
 G = Mean time per level.
                   A        B        C        D        E       F      G
               +--------+--------+--------+--------+--------+-----+--------+
         Total |   1459 |   1426 |     33 |      0 |   1267 |   3 |  486.3 |
       Dungeon |   1219 |   1218 |      1 |      0 |   1060 |   2 |  609.5 |
        Temple |    240 |    208 |     32 |      0 |    207 |   1 |  240.0 |
               +--------+--------+--------+--------+--------+-----+--------+

Top non-repeatable levels by time:
     D:5: 1217 daAuts
  Temple: 240 daAuts
     D:4: 1 daAuts
